 Dungeon Sprint DCSS version 0.22-a0-396-g3f858e3 (webtiles) character file.

32 emperorscorpion the Chucker (level 3, -4/42 HPs)
             Began as a Demonspawn Hunter on May 3, 2018.
             Slain by an ogre
             ... wielding a +0 giant spiked club
              (13 damage)
             ... in the Dungeon (Sprint IX: "|||||||||||||||||||||||||||||").
             The game lasted 00:00:21 (62 turns).

emperorscorpion the Chucker (Demonspawn Hunter)       Turns: 62, Time: 00:00:22

Health: -4/42      AC:  3    Str: 17    XL:     3   Next: 10%
Magic:  3/3        EV: 12    Int: 12    God:
Gold:   0          SH:  0    Dex: 14    Spells: 2/2 levels left

rFire    . . .     SeeInvis .   a - +0 short sword
rCold    . . .     Gourm    .   (no shield)
rNeg     . . .     Faith    .   b - +0 leather armour
rPois    .         Spirit   .   (no helmet)
rElec    .         Reflect  .   (no cloak)
rCorr    .         Harm     .   (no gloves)
MR       .....     NoTele   +   (no boots)
Stlth    ..........             (no amulet)
HPRegen  0.14/turn              (no ring)
MPRegen  0.08/turn              (no ring)

@: berserking (expiring), very quick
A: nightstalker 1
a: no special abilities


You were in the Dungeon.
You were not hungry.

You visited 1 branch

Inventory:

Hand Weapons
 a - a +0 short sword (weapon)
Missiles
 c - 6 javelins (quivered)
 d - 2 throwing nets
Armour
 b - a +0 leather armour (worn)
Scrolls
 k - a scroll of blinking
Potions
 e - a potion of curing
 g - a potion of heal wounds
 h - a potion of haste
 i - 2 potions of magic
Comestibles
 f - a ration
 l - a chunk of flesh


   Skills:
 + Level 2.5 Fighting
 + Level 1.0 Short Blades
 + Level 6.1 Throwing
 + Level 0.4 Armour
 + Level 2.4 Dodging
 + Level 1.0 Stealth


You had 2 spell levels left.
You didn't know any spells.

Dungeon Overview and Level Annotations

Branches:
Dungeon (1/1)

Altars:


Innate Abilities, Weirdness & Mutations

You are slightly more attuned to the shadows.


Message History

Your Stealth skill increases to level 1!
You have reached level 2!
Your demonic ancestry asserts itself...
You slip into the darkness of the dungeon.
You have reached level 3!
Your experience leads to an increase in your attributes!
Your base attributes are Str 12, Int 12, Dex 13.
Increase (S)trength, (I)ntelligence, or (D)exterity?
You feel agile.
A sky beast appears from thin air!
Reactivating autopickup.
You hit the ogre.
The ogre is lightly wounded.
The sky beast flickers out of sight!
Deactivating autopickup; reactivate with Ctrl-A.
You puncture the ogre!
The ogre is severely wounded.
The phantom blinks!
The ogre hits you with a giant spiked club!
You die... ▓▓▓▓▓▓▓▓▓▓▓▓▓▓▓▓▓▓ +s.W..'....§)§{O@▓ ▓▓▓▓▓▓▓▓▓▓▓▓▓▓▓▓▓▓

You could see an ogre.

Vanquished Creatures
  An iguana (D)
  A dart slug (D)
  A bat (D)
  A goblin (D)
  A frilled lizard (D)
  A rat (D)
6 creatures vanquished.

Notes
Turn   | Place    | Note
-------+----------+-------------------------------------------
     0 | D        | emperorscorpion the Demonspawn Hunter began the quest for the Orb.
     0 | D        | Reached XP level 1. HP: 16/16 MP: 1/1
    10 | D        | Reached skill level 4 in Throwing
    38 | D        | Noticed a scorpion
    38 | D        | Noticed a sky beast
    38 | D        | Noticed an ogre
    38 | D        | Noticed a phantom
    38 | D        | Noticed an iguana
    60 | D        | Killed an iguana
    60 | D        | Reached skill level 1 in Short Blades
    60 | D        | Reached skill level 6 in Throwing
    60 | D        | Reached skill level 1 in Stealth
    60 | D        | Gained mutation: You are slightly more attuned to the shadows. [demonic ancestry]
    60 | D        | Reached XP level 2. HP: 7/23 MP: 2/2
    60 | D        | Reached XP level 3. HP: 9/28 MP: 3/3
    62 | D        | Slain by an ogre

Vault maps used:
D:        linesprint

Skill      XL: |  1 |
---------------+----+-----
Throwing       | 6 |  6.1
Dodging        | 2 |  2.4
Short Blades   | 1 |  1.0
Stealth        | 1 |  1.0
Fighting       | |  2.5
Armour         | |  0.4

Action                   || total
-------------------------++-------
Melee: Short sword       ||    33
  Use: Potion            ||     1
Armor: Leather armour    ||    11
Dodge: Dodged            ||    19

Table legend:
 A = Spawn XP
 B = Non-spawn XP
 C = Spawn XP percentage of total XP
 D = Spawn monster count
 E = Non-spawn monster count
 F = Spawn count percentage of total count
 G = Total turns spent on level
                    A         B        C        D         E        F      G
               +---------+---------+-------+---------+---------+-------+---------
         Total |       0 |      47 |   0.0 |       0 |       6 |   0.0 |    62
               +---------+---------+-------+---------+---------+-------+---------
             D |       0 |      47 |   0.0 |       0 |       6 |   0.0 |    62
               +---------+---------+-------+---------+---------+-------+---------
